 Dungeon Crawl Stone Soup version 0.29.1-1-gd02db6906a (webtiles) character file.

Game seed: 11530569843899214250

21 Icepheonix32 the Gusty (level 2, 0/15 HPs)
             Began as a Tengu Air Elementalist on Oct 3, 2022.
             Slain by a goblin
             ... wielding a +0 dagger
              (3 damage)
             ... on level 1 of the Dungeon.
             The game lasted 00:01:09 (482 turns).

Icepheonix32 the Gusty (Tengu Air Elementalist)      Turns: 482, Time: 00:01:10

Health: 0/15       AC:  2    Str:  8    XL:     2   Next: 87%
Magic:  0/6        EV: 12    Int: 15    God:
Gold:   43         SH:  0    Dex: 14    Spells: 4/5 levels left

rFire   . . .      SeeInvis .   e - +0 short sword
rCold   . . .      Faith    .   (no shield)
rNeg    . . .      Spirit   .   a - +0 robe
rPois   .          Reflect  .   (helmet restricted)
rElec   .          Harm     .   (no cloak)
rCorr   .          Rampage  .   (no gloves)
Will    .....                   (boots unavailable)
Stlth   ++........              (no amulet)
HPRegen 0.05/turn               (no ring)
MPRegen 0.10/turn               (no ring)

@: no status effects
A: beak, talons 3
a: no special abilities


You were on level 1 of the Dungeon.
You visited 1 branch of the dungeon, and saw 1 of its levels.

You collected 43 gold pieces.

Inventory:

Hand Weapons
 e - a +0 short sword (weapon)
Armour
 a - a +0 robe (worn)
Scrolls
 d - a scroll of identify {unknown}
Potions
 b - a potion of magic
 c - a potion of degeneration {unknown}
 f - a potion of curing {unknown}


   Skills:
 + Level 2.3 Dodging
 - Level 2.0 Stealth
 + Level 2.1 Spellcasting
 * Level 2.0 Conjurations
 * Level 4.9 Air Magic


You had 4 spell levels left.
You knew the following spells:

 Your Spells              Type           Power      Damage    Failure   Level
a - Shock                 Conj/Air       48%        1d6       5%          1

Your spell library contained the following spells:

 Spells                   Type           Power      Damage    Failure   Level
 Static Discharge         Conj/Air       12%        3-5/arc   8%          2
 Swiftness                Air            16%        N/A       9%          3
 Airstrike                Air            8%         2d(2-18)  28%         4


Dungeon Overview and Level Annotations

Branches:
Dungeon (1/15)

Altars:


Innate Abilities, Weirdness & Mutations

You have a beak for a mouth.
You have claws for feet.


Message History

The hobgoblin is almost dead.
The hobgoblin barely misses you.
You barely miss the hobgoblin. You claw the hobgoblin.
You kill the hobgoblin!
The kobold throws a stone.
The stone closely misses you.
There is a stone staircase leading down here.
You see here a hobgoblin corpse.
The kobold throws a stone.
The stone barely misses you. The kobold closely misses you.
Items here: ( )) †.
You hit the kobold. You claw the kobold.
You kill the kobold!
You closely miss the goblin.
The goblin hits you with a +0 dagger. x2
* * * LOW HITPOINT WARNING * * *
You are too injured to fight recklessly!
You are too injured to fight recklessly!
You are too injured to fight recklessly!
You are too injured to fight recklessly!
You are too injured to fight recklessly!
You are too injured to fight recklessly!
You are too injured to fight recklessly!
You are too injured to fight recklessly!
You are too injured to fight recklessly!
You are too injured to fight recklessly!
You are too injured to fight recklessly!
You are too injured to fight recklessly!
You are too injured to fight recklessly!
You are too injured to fight recklessly!
You are too injured to fight recklessly!
You are too injured to fight recklessly!
Unknown command.
Casting: Shock (safe; 5% risk of failure)
Confirm with . or Enter, or press ? or * to list all spells.
Aiming: Shock (safe; 5% risk of failure)
Press: ? - help, Shift-Dir - straight line, f - goblin
Aim: a goblin, wielding a +0 dagger (60% to hit)
The zap hits the goblin.
The goblin is severely wounded.
The goblin hits you with a +0 dagger.
You die...

#.##......... #.#
..###....#.......
......^.............(
###..#.#####..##.......
###......#.........#....(
.................#####....
...#.#..####.##...## ...##
........##.>......[# .#.#
........g@....###..# .#.
...#†#)###...# .... ..
........!.†.#...#.....
...|.......####.......
............# ##.####
!...........# #
............#
............#
............#


You could see a goblin.

Vanquished Creatures
  An endoplasm (D:1)
  A giant cockroach (D:1)
  A goblin (D:1)
  4 hobgoblins (D:1)
  A quokka (D:1)
  A ball python (D:1)
  3 bats (D:1)
  A frilled lizard (D:1)
  5 kobolds (D:1)
  3 rats (D:1)
21 creatures vanquished.

Notes
Turn   | Place    | Note
-------+----------+-------------------------------------------
     0 | D:1      | Icepheonix32 the Tengu Air Elementalist began the quest for
                  | the Orb.
     0 | D:1      | Reached XP level 1. HP: 10/10 MP: 4/4
   264 | D:1      | Reached XP level 2. HP: 15/15 MP: 3/6
   264 | D:1      | Found a faded altar of an unknown god.
   482 | D:1      | Slain by a goblin

Illustrated notes

Levels and vault maps discovered:
D:1:      eino_arrival_cavern_a, layout_rooms,
          hellmonk_ecumenical_altar_pennies_from_heaven

Skill      XL: |  1  2 |
---------------+-------+-----
Conjurations   | 2 |  2.0
Dodging        | |  2.3
Stealth        | |  2.0
Spellcasting   | |  2.1
Air Magic      | |  4.9

Action                   || total
-------------------------++-------
Melee: Short sword       ||    19
       Kick              ||     5
       Peck              ||     3
       Punch             ||     1
 Cast: Shock             ||    32
Armor: Robe              ||     3
Dodge: Dodged            ||    17
